cohdb
Replays
Latest Replays
All Replays
Popular Replays
Top Player Replays
Match Explorer
How It Works
Community
CoH3 Stats
Reddit
Sign in to upload your games and track your stats! →
Sign in with Steam
Match 45262766
Unlisted
Match 45262766
Overview
Messages
Build Orders
End
Pioneer Squad
Construct Infanterie Kompanie
Selects Breakthrough Battlegroup
Selects Assault Grenadiers
Grenadier Squad
MG 42 Machine Gun Team
Grenadier Squad
Construct Panzergrenadier Kompanie
Panzergrenadier Squad
Selects Smoke Bombing Run
Pak 40 Anti-tank Gun Team
Medical Station
Panzergrenadier Officer Quarters
Selects Mechanized Assault Group
Mechanized Assault Group
mentoss
Auteeno_Manzano
0
0
Comments
sign in to comment!
No comments posted yet!